 Dungeon Crawl Stone Soup version 0.30.2 (webtiles) character file.

Game seed: 10540342590576204204

555198 ababab the Spellbinder (level 24, 0/84 HPs)
             Began as a Felid Enchanter on Apr 15, 2024.
             Was the Champion of Dithmenos.
             Killed from afar by an elemental wellspring (26 damage)
             ... with a torrent of water
             ... on level 2 of Cocytus on Apr 16, 2024.
             The game lasted 05:38:23 (100900 turns).

ababab the Spellbinder (Felid Enchanter)          Turns: 100900, Time: 05:38:24

Health: 0/84       AC:  5    Str:  2    XL:     24   Next: 0%
Magic:  22/34      EV: 34    Int: 25    God:    Dithmenos [******]
Gold:   4718       SH:  0    Dex: 18    Spells: 6/66 levels left
                                        Lives:  0   Deaths: 4

rFire   . .          .
                       - Unarmed
rCold   + + +        (shield unavailable)
rNeg    + + .        (body armour unavailable)
rPois   +            (helmet unavailable)
rElec   .            (cloak unavailable)
rCorr   +            (gloves unavailable)
SInv    +            (boots unavailable)
Will    +++..        J - amulet of Deqinexowu {Regen+ Stlth+} Stlth ********++
                     j - ring of Cyprol {rPois rF+ rN+ rCorr Int+4}
HPRegen 1.14/turn    O - ring of Temperance {Ice rPois rN+ Will-}
MPRegen 0.24/turn

%: no passive effects
@: wreathed by umbra, studying 2 skills, unable to drink, quick
A: very small, claws 1, fangs 3, see invisible, speed 1, shaggy fur 3, stealthy
paws, no weapons or thrown items, no armour, multi-lived, iridescent scales 1,
cold resistance 1, strong-willed 1, [clumsy 2], [deterioration 1], [frail 3],
[low MP 3], [teleportitis 1], [weak 2], [inability to drink after injury 1]
}: 5/15 runes: barnacled, slimy, silver, abyssal, gossamer
a: Renounce Religion, Shadow Step, Shadow Form


You were on level 2 of Cocytus.
You worshipped Dithmenos.
Dithmenos was exalted by your worship.
You visited 15 branches of the dungeon, and saw 60 of its levels.
You visited the Abyss 2 times.
You visited 2 bazaars.
You also visited: Trove and Ice Cave.

You collected 10908 gold pieces.
You spent 6190 gold pieces at shops.

Inventory:

Jewellery
 e - a ring of protection from fire
 g - a ring of protection from fire
 h - a +6 ring of strength
 i - the ring of Ogguekap {rN+ Int-2 Dex+8}
   (You took it off a deep elf sorcerer on level 3 of the Elven Halls)

   [ring of positive energy]

   Int:       It affects your intelligence (-2).
   Dex:       It affects your dexterity (+8).
   rN:        It protects you from negative energy.
 j - the ring of Cyprol (left paw) {rPois rF+ rN+ rCorr Int+4}
   (You found it on level 3 of the Depths)

   [ring of protection from fire]

   Int:       It affects your intelligence (+4).
   rF:        It protects you from fire.
   rPois:     It protects you from poison.
   rN:        It protects you from negative energy.
   rCorr:     It protects you from acid and corrosion.
 s - the ring "Xedae" {Wiz rElec}
   (You found it on level 5 of the Pits of Slime)

   [ring of wizardry]

   It improves your spell success rate.
   rElec:     It insulates you from electricity.
 y - the ring "Yliolyaf" {Will+ Int+6 Slay+3}
   (You took it off a deep elf demonologist on level 3 of the Elven Halls)

   [ring of intelligence]

   Int:       It affects your intelligence (+6).
   Slay:      It affects your accuracy & damage with ranged weapons and melee
   (+3).
   Will:      It increases your willpower.
 A - the ring "Cicib" {Fire Fly rPois rCorr Int-2}
   (You found it on level 2 of the Realm of Zot)

   [ring of fire]

   It enhances your fire magic.
   Int:       It affects your intelligence (-2).
   rF:        It protects you from fire.
   rC:        It makes you vulnerable to cold.
   rPois:     It protects you from poison.
   Fly:       It grants you flight.
   rCorr:     It protects you from acid and corrosion.
 B - a ring of fire
 J - the amulet of Deqinexowu (around neck) {Regen+ Stlth+}
   (You bought it in a shop on level 3 of the Elven Halls)

   [amulet of regeneration]

   Regen:     It increases your rate of health regeneration.
   Stlth:     It makes you more stealthy.
 L - a ring of ice
 M - the ring of the Thistle {rPois Will+ rCorr Dex-3 SInv}
   (You found it in a treasure trove)

   [ring of resist corrosion]

   Dex:       It affects your dexterity (-3).
   rPois:     It protects you from poison.
   SInv:      It lets you see invisible.
   rCorr:     It protects you from acid and corrosion.
   Will:      It increases your willpower.
 O - the ring of Temperance (right paw) {Ice rPois rN+ Will-}
   (You found it on level 4 of the Shoals)

   [ring of ice]

   It enhances your ice magic.
   rF:        It makes you vulnerable to fire.
   rC:        It protects you from cold.
   rPois:     It protects you from poison.
   rN:        It protects you from negative energy.
   Will:      It decreases your willpower.
 P - a +6 ring of dexterity
 Q - a +6 ring of dexterity
 R - a ring of magical power
 W - an amulet of the acrobat
 X - the ring "Fazit" {Ice rCorr Int+8 Slay-3 Stlth-}
   (You took it off Josephina on level 3 of the Crypt)

   [ring of ice]

   It enhances your ice magic.
   Int:       It affects your intelligence (+8).
   Slay:      It affects your accuracy & damage with ranged weapons and melee
   (-3).
   rF:        It makes you vulnerable to fire.
   rC:        It protects you from cold.
   rCorr:     It protects you from acid and corrosion.
   Stlth:     It makes you less stealthy.
 Y - a ring of willpower
Wands
 r - a wand of flame (175)
 w - a wand of polymorph (48)
 x - a wand of mindburst (27)
 z - a wand of light (26)
 D - a wand of paralysis (76)
 G - a wand of roots (22)
 T - a wand of digging (6)
Scrolls
 d - 7 scrolls of vulnerability
 o - 18 scrolls of poison
 p - 3 scrolls of magic mapping
 t - 14 scrolls of fog
 u - a scroll of summoning
 C - a scroll of fear
 H - 13 scrolls of noise
 K - 6 scrolls of amnesia
 S - 3 scrolls of teleportation
 V - 5 scrolls of silence
Potions
 a - 6 potions of invisibility
 b - 3 potions of berserk rage
 c - 10 potions of ambrosia
 f - 11 potions of flight
 k - 12 potions of might
 l - 10 potions of curing
 m - 3 potions of cancellation
 n - 2 potions of mutation
 v - 6 potions of resistance
 E - 7 potions of lignification
 I - 7 potions of brilliance
Miscellaneous
 q - a lightning rod (4/4)
 N - a phial of floods
 U - a tin of tremorstones (2/2)


   Skills:
 + Level 19.1 Fighting
 + Level 21.3 Dodging
 + Level 23.1 Stealth
 + Level 16.6 Unarmed Combat
 * Level 21.5 Spellcasting
 - Level 3.0 Conjurations
 O Level 27 Hexes
 * Level 13.6 Summonings
 * Level 21.1 Translocations
 - Level 5.0 Transmutations
 - Level 6.0 Ice Magic
 + Level 6.3 Air Magic
 - Level 3.0 Poison Magic


You had 6 spell levels left.
You knew the following spells:

 Your Spells              Type           Power      Damage    Failure   Level
a - Ensorcelled Hibernat  Hex/Ice        100%       N/A       0%          2
b - Confusing Touch       Hex            100%       N/A       0%          3
c - Tukima's Dance        Hex            100%       N/A       0%          3
d - Yara's Violent Unrav  Hex/Tmut       41%        3d16      1%          5
e - Enfeeble              Hex            52%        N/A       1%          7
f - Blink                 Tloc           100%       N/A       0%          2
g - Mephitic Cloud        Conj/Pois/Air  47%        N/A       1%          3
h - Iskenderun's Mystic   Conj/Tloc      72%        2d15      1%          4
i - Airstrike             Air            27%        2d(4-20)  1%          4
j - Discord               Hex            52%        N/A       1%          8
k - Summon Cactus Giant   Summ           38%        N/A       1%          6
l - Disjunction           Tloc           46%        N/A       1%          8
m - Summon Mana Viper     Hex/Summ       91%        N/A       0%          5

Your spell library contained the following spells:

 Spells                   Type           Power      Damage    Failure   Level
 Apportation              Tloc           100%       N/A       0%          1
 Summon Small Mammal      Summ           100%       N/A       0%          1
 Call Imp                 Summ           100%       N/A       0%          2
 Lesser Beckoning         Tloc           100%       N/A       0%          2
 Momentum Strike          Conj/Tloc      100%       3d10      0%          2
 Call Canine Familiar     Summ           76%        N/A       0%          3
 Dazzling Flash           Conj/Hex       100%       N/A       0%          3
 Summon Guardian Golem    Hex/Summ       91%        N/A       0%          3
 Vhi's Electric Charge    Tloc/Air       100%       N/A       0%          3
 Cause Fear               Hex            52%        N/A       0%          4
 Manifold Assault         Tloc           93%        N/A       0%          4
 Beastly Appendage        Tmut           100%       N/A       1%          1
 Foxfire                  Conj/Fire      100%       2x1d9     1%          1
 Freeze                   Ice            100%       1d10      1%          1
 Magic Dart               Conj           100%       1d8       1%          1
 Sandblast                Erth           52%        2d12      1%          1
 Shock                    Conj/Air       100%       1d9       1%          1
 Sting                    Tmut/Pois      100%       1d8       1%          1
 Cigotuvi's Dreadful Rot  Necr/Pois/Air  84%        N/A       1%          2
 Passwall                 Tmut/Erth      32%        N/A       1%          2
 Poisonous Vapours        Pois/Air       100%       N/A       1%          2
 Wereblood                Tmut           51%        N/A       1%          2
 Frozen Ramparts          Ice            100%       1d16      1%          3
 Hailstorm                Conj/Ice       65%        3d14      1%          3
 Ignite Poison            Fire/Tmut/Pois 40%        N/A       1%          3
 Inner Flame              Hex/Fire       76%        N/A       1%          3
 Ozocubu's Armour         Ice            71%        N/A       1%          3
 Spider Form              Tmut/Pois      46%        N/A       1%          3
 Swiftness                Air            55%        N/A       1%          3
 Volatile Blastmotes      Fire/Tloc      100%       2d18      1%          3
 Anguish                  Hex/Necr       38%        N/A       1%          4
 Fulminant Prism          Conj/Hex       40%        3d19      1%          4
 Leda's Liquefaction      Hex/Erth       38%        N/A       1%          4
 Summon Ice Beast         Ice/Summ       85%        N/A       1%          4
 Summon Lightning Spire   Summ/Air       67%        N/A       1%          4
 Silence                  Hex/Air        41%        N/A       1%          5
 Dispersal                Tloc           46%        N/A       1%          6
 Scorch                   Fire           52%        2d7       2%          2
 Sublimation of Blood     Necr           26%        N/A       2%          2
 Olgreb's Toxic Radiance  Pois           41%        N/A       4%          4
 Blade Hands              Tmut           25%        N/A       5%          5
 Freezing Cloud           Conj/Ice/Air   34%        6-21      5%          5
 Arcjolt                  Conj/Air       25%        1d35      6%          5
 Flame Wave               Conj/Fire      34%        2d10      9%          4
 Sticky Flame             Conj/Fire      34%        2d5       9%          4
 Alistair's Intoxication  Tmut/Pois      30%        N/A       9%          5
 Irradiate                Conj/Tmut      23%        3d19      9%          5
 Iskenderun's Battlesphe  Conj           41%        2d9       12%         5
 Animate Dead             Necr           26%        N/A       16%         4
 Fireball                 Conj/Fire      17%        3d9       22%         5
 Conjure Ball Lightning   Conj/Air       25%        3x3d7     34%         6
 Agony                    Necr           26%        N/A       38%         5
 Borgnjor's Vile Clutch   Necr/Erth      13%        N/A       38%         5
 Lee's Rapid Deconstruct  Erth           13%        3d9*      38%         5
 Eringya's Noxious Bog    Tmut/Pois      23%        N/A       41%         6
 Plasma Beam              Fire/Air       21%        2x1d36    54%         6
 Simulacrum               Ice/Necr       29%        N/A       56%         6
 Statue Form              Tmut/Erth      26%        N/A       63%         6
 Iron Shot                Conj/Erth      17%        9d4       77%         6
 Starburst                Conj/Fire      17%        6d6       77%         6
 Death Channel            Necr           13%        N/A       93%         6
 Monstrous Menagerie      Summ           38%        N/A       4%          7
 Summon Hydra             Summ           38%        N/A       4%          7
 Spellforged Servitor     Conj/Summ      31%        N/A       38%         7
 Ozocubu's Refrigeration  Ice            35%        4d15      73%         7
 Dragon Form              Tmut           25%        N/A       86%         7
 Dragon's Call            Summ           38%        N/A       99%         9
 Lehudib's Crystal Spear  Conj/Erth      17%        10d5      100%        8
 Maxwell's Capacitive Co  Air            27%        ∞         100%        8
 Polar Vortex             Ice            35%        N/A       100%        9
 Portal Projectile        Hex/Tloc       Unusable   N/A       N/A         3

Dungeon Overview and Level Annotations

Branches:
Dungeon (15/15)            Temple (1/1) D:4            Lair (5/5) D:8
 Shoals (4/4) Lair:2       Spider (4/4) Lair:3        Slime (5/5) Lair:5
    Orc (2/2) D:11            Elf (3/3) Orc:2        Vaults (5/5) D:14
  Crypt (3/3) Vaults:3       Tomb (0/3) Crypt:3      Depths (4/4) D:15
   Hell (visited)             Dis (1/7) Hell            Geh (0/7) Hell
    Coc (1/7) Hell            Tar (0/7) Hell            Zot (5/5) Depths:4
  IceCv (visited)

Altars:
Ashenzari
Cheibriados
Dithmenos
Elyvilon
Fedhas
Gozag
Hepliaklqana
Kikubaaqudgha
Makhleb
Nemelex Xobeh
Okawaru
Qazlal
Ru
Sif Muna
Trog
Uskayaw
Vehumet
Wu Jian
Xom
Yredelemnul
Zin
The Shining One
Jiyva

Shops:
D:15 [   Orc:2 **[([   Elf:1 *   Elf:3 =::   Shoals:3 *   Vaults:3 *
Vaults:4 ?   Depths:1 [[:   Depths:3 *:

Portals:
Hell: Depths:1 Depths:2 Depths:3 Depths:4
Abyss: Depths:3
Pandemonium: Depths:1 Depths:2
Ziggurat: Depths:3

Annotations:
D:5 3 runed translucent doors, mihai's ghost, amateur MiFi
Lair:4 exclusion: 5 oklob plants
Spider:3 1 runed translucent door, zielscheibe's ghost, adept OgIE
Crypt:1 3 runed translucent doors, Heot Zafel's ghost, veteran MiGl


Innate Abilities, Weirdness & Mutations

You have sharp claws.
You have razor-sharp teeth.
You have supernaturally acute eyesight. (SInv)
You cover ground quickly. (Speed+)
Your thick and shaggy fur keeps you warm. (AC +3, rC+)
Your paws help you pounce on unaware monsters.
You are incapable of wielding weapons or throwing items.
You cannot wear armour.
You gain extra lives every three experience levels.
You are partially covered in iridescent scales. (AC +2)
Your flesh is cold resistant. (rC+)
You are strong-willed. (Will+)
[You are very clumsy. (Dex -4)]
[Your body sometimes deteriorates upon taking damage.]
[You are extremely frail. (-30% HP)]
[Your magical capacity is extremely low. (-30% MP)]
[You are occasionally teleported next to monsters.]
[You are very weak. (Str -4)]
[You occasionally lose the ability to drink potions when taking damage.]


Message History

The harpy simulacrum misses you. x2
The harpy simulacrum attacks as you move away!
The harpy simulacrum claws you. The harpy simulacrum freezes you. You resist.
The harpy simulacrum misses you.
The harpy simulacrum closely misses you.
The harpy simulacrum barely misses you. x2; The harpy simulacrum claws you.
The harpy simulacrum freezes you. You resist.
The harpy simulacrum closely misses you.
The harpy simulacrum misses you.
The water elemental completely misses you.
Dithmenos accepts your kill.
You feel a bit more experienced.
The harpy simulacrum completely misses you.
The harpy simulacrum barely misses you.
Welcome back to level 24!
The harpy simulacrum attacks as you move away!
The harpy simulacrum completely misses you. x2
The harpy simulacrum misses you.
The harpy simulacrum completely misses you.
The harpy simulacrum claws you but does no damage.
The harpy simulacrum completely misses you. x3
The water elemental completely misses you.
Dithmenos accepts your kill.
You feel a bit more experienced.
Casting: Discord (dangerous; 1% risk of failure)
Confirm with . or Enter, or press ? or * to list all spells.
A mana viper appears with a sibilant hiss.
The harpy simulacrum completely misses you.
The harpy simulacrum misses you. x2
The harpy simulacrum completely misses you. x2
The harpy simulacrum claws you. The harpy simulacrum freezes you. You resist.
The harpy simulacrum completely misses you. x2
The harpy simulacrum misses you.
The harpy simulacrum closely misses you.
The harpy simulacrum completely misses you. x2
A torrent of water rises up through the elemental wellspring!
The torrent of water passes through the water elemental. x2
The torrent of water hits you!!
You feel threatened and lose the ability to drink potions!
You die...

***~~~~* *≈≈≈≈≈
##~~~~≈≈## *#≈≈≈≈
####≈~~~#≈≈≈# ##≈≈≈≈
#≈≈≈≈~**#≈≈≈## #≈≈~≈≈
*#≈≈≈####≈≈≈≈# ##≈.≈≈≈
##≈≈≈≈≈##§§.≈####≈..WE≈
#≈≈≈≈≈≈≈≈§§.≈≈≈≈≈.ZZZ≈≈
#≈≈≈≈≈≈Z§§§..≈...≈≈...≈
#≈≈≈S.@ZZE§§...≈≈≈≈≈Z..
*#≈≈≈≈ZZEZ§§Z.W≈####≈≈≈.
*#≈≈≈≈≈≈≈EZ§§§.≈## ###≈≈
#≈≈≈≈≈..§≈E§.§≈≈# ##≈
#≈##≈≈≈≈§§§§9~≈≈# ##Z
#**###≈≈≈§§§§§9E## ###≈≈
###§≈EE§§9.≈####≈≈≈.
#≈≈.§§§§§9.≈Z≈≈†E.≈
#######≈≈.2≈≈≈≈≈.≈E..≈≈≈≈


You could see 2 elemental wellsprings, 2 narguns, 3 water elementals, 7 harpy
simulacra and a friendly mana viper (summoned).

Vanquished Creatures
  A dread lich (Vaults:5)
  Mennas (Crypt:3)
  Josephina (Crypt:3)
  Geryon (Hell)
  3 curse toes
  6 golden dragons
  The ghost of Tamtam the Messiah, an adept HOFi of Beogh (Depths:3)
  6 tentacled monstrosities
  Zenata (Vaults:2)
  A tainted leviathan (Hell)
  2 liches
  3 deep elf blademasters (Elf:3)
  7 Orb Guardians (Zot:5)
  Murray (Depths:4)
  3 deep elf master archers (Elf:3)
  2 quicksilver dragons
  A kraken (Shoals:3)
  11 acid blobs
  6 sphinxes
  2 tentacled starspawn
  4 death cobs
  Gastronok (Lair:1)
  6 shadow dragons
  4 ancient champions
  Frances (D:14)
  2 revenants
  7 storm dragons
  4 tengu reavers
  7 azure jellies
  Ilsuiw (Shoals:4)
  A draconian knight (Zot:4)
  10 rockslimes
  4 emperor scorpions (Spider:4)
  A nargun (Coc:2)
  4 ghost moths
  21 vault wardens
  9 frost giants
  6 fire giants
  2 iron dragons
  7 deep elf sorcerers (Elf:3)
  Louise (Depths:3)
  A draconian shifter (Zot:3)
  A spectral juggernaut (Depths:1)
  3 curse skulls
  A cacodemon (Abyss:3)
  A ghoul (Crypt:1)
  6 spriggan defenders
  8 deep elf elementalists (Elf:3)
  7 broodmothers
  An orc warlord (Vaults:4)
  8 very ugly things
  A draconian stormcaller (Depths:4)
  A draconian annihilator (Depths:4)
  A caustic shrike skeleton (Crypt:3)
  A reaper (Hell)
  6 war gargoyles
  12 ironbound preservers
  17 stone giants
  5 deep elf demonologists (Elf:3)
  10 quicksilver oozes
  7 ironbound thunderhulks
  5 vampire knights
  9 deep elf annihilators (Elf:3)
  4 black draconians
  2 green draconians
  10 spark wasps
  5 yellow draconians
  5 purple draconians
  5 white draconians
  A putrid mouth (Hell)
  4 red draconians
  2 blizzard demons (IceCv)
  5 eidola
  6 merfolk javelineers
  2 crystal guardians
  3 dire elephants (Vaults:2)
  6 ettins
  An ettin (shapeshifter) (D:14)
  An entropy weaver (shapeshifter) (Elf:3)
  5 entropy weavers
  4 deep elf death magi
  14 great orbs of eyes
  A spriggan zombie (Crypt:3)
  5 jiangshi
  4 yaktaur captains
  3 merfolk impalers
  7 fire dragons
  9 deep elf high priests
  20 vault guards
  Erolcha (Orc:1)
  5 spriggan air magi
  Fannar (Orc:1)
  3 ice dragons
  4 rakshasas
  2 hell beasts (Depths:3)
  2 spriggan skeletons (Crypt:3)
  2 hydras
  A caustic shrike simulacrum (Crypt:3)
  2 jorogumos
  An alligator snapping turtle (shapeshifter) (Vaults:5)
  2 peacekeepers
  4 merfolk avatars
  4 boulder beetles
  7 ironbound frosthearts
  7 starcursed masses
  An anaconda (shapeshifter) (D:15)
  7 merfolk aquamancers (Shoals:4)
  Erica (D:11)
  3 alligator snapping turtles
  6 centaur warriors
  A catoblepas (shapeshifter) (Elf:3)
  A fenstrider witch skeleton (Crypt:2)
  A radroach (Spider:3)
  2 two-headed ogres
  A catoblepas (D:13)
  3 death knights
  A titan zombie (Crypt:3)
  5 tengu warriors
  A satyr (Shoals:3)
  7 vampire magi
  4 deep troll earth magi
  3 hell hogs (Hell)
  2 thrashing horrors (Abyss:2)
  10 hell knights
  2 orc high priests
  5 soul eaters
  2 sun demons (Hell)
  2 spriggan berserkers (Depths:1)
  A titan skeleton (Crypt:3)
  15 deep elf knights
  A fire crab (shapeshifter) (D:14)
  A shock serpent (shapeshifter) (Depths:3)
  A spriggan (Depths:2)
  2 wretched stars
  2 skysharks (shapeshifter)
  8 skysharks
  5 skeletal warriors
  3 iron trolls
  4 pharaoh ants
  2 sun moths
  A goliath frog (Lair:5)
  2 shadow wraiths
  3 nameless horrors (Depths:3)
  29 deep trolls
  5 flayed ghosts
  A bunyip zombie (Crypt:2)
  A storm dragon skeleton (Crypt:3)
  17 sea snakes
  11 orb spiders
  A glowing orange brain (Depths:2)
  A golden dragon zombie (Depths:2)
  An obsidian statue (IceCv)
  7 ironbound convokers
  6 wizards
  9 deep elf archers
  A lindwurm (shapeshifter) (Vaults:2)
  12 lindwurms
  5 steelbarb worms
  A golden dragon skeleton (Depths:2)
  An iron giant skeleton (Crypt:3)
  A bog body (IceCv)
  10 orc knights
  3 phantasmal warriors
  14 spriggan simulacra
  23 harpies
  2 large abominations
  4 necromancers
  22 deep elf zephyrmancers
  23 ugly things
  23 deep elf pyromancers
  A broodmother zombie (Crypt:3)
  A frost giant zombie (Vaults:3)
  7 fauns (Shoals:3)
  4 shining eyes (Slime:5)
  24 wolf spiders
  A fire giant zombie (Depths:2)
  A human zombie (Vaults:3)
  3 orc sorcerers
  A manticore (shapeshifter) (Depths:4)
  11 cyclopes
  6 manticores
  A shock serpent zombie (Crypt:3)
  11 merfolk sirens
  21 moths of wrath
  2 black mambas (Lair:4)
  A molten gargoyle (Hell)
  A centaur zombie (Abyss:3)
  5 smoke demons
  13 vault sentinels
  An eye of devastation (Slime:3)
  13 elephants (Lair:5)
  8 water nymphs
  2 gargoyles
  8 demonic crawlers
  Maurice (D:8)
  A titan simulacrum (Vaults:3)
  2 alligator snapping turtle zombies
  6 torpor snails
  2 rust devils
  2 orange demons (Abyss:2)
  19 cane toads
  A storm dragon simulacrum (Crypt:3)
  9 komodo dragons
  3 kobold demonologists
  5 tengu conjurers
  29 yaktaurs
  2 efreet
  A human skeleton (Vaults:3)
  An anaconda simulacrum (IceCv)
  5 guardian mummies (Crypt:3)
  4 freezing wraiths
  3 hellwings
  8 ice devils
  A polar bear (shapeshifter) (Abyss:3)
  5 meliai
  21 merfolk
  5 trolls
  A polar bear (Lair:4)
  2 hornets
  A tyrant leech (Lair:5)
  7 wind drakes
  21 tarantellas
  A death drake skeleton (Crypt:2)
  5 raiju (Abyss:2)
  2 tengu simulacra
  3 dream sheep (Shoals:3)
  A sphinx simulacrum (Vaults:3)
  31 blink frogs
  A hydra skeleton (Crypt:1)
  The ghost of Henri the Cudgeller, an amateur GrFi of Elyvilon (D:4)
  28 dancing weapons
  51 slime creatures
  2 flying skulls (Crypt:3)
  3 air elementals
  18 jumping spiders
  A shadow (D:13)
  6 snapping turtles
  18 culicivoras
  A culicivora (shapeshifter) (D:13)
  8 water elementals
  3 wyverns (Lair:3)
  2 dire elephant simulacra
  3 ynoxinuls (Abyss:3)
  A naga simulacrum (Crypt:3)
  4 basilisks
  37 yaks
  4 wraiths
  12 golden eyes
  2 vampires
  2 fire elementals
  43 redbacks
  3 minotaur simulacra (IceCv)
  2 neqoxecs
  6 vampire mosquitoes
  Menkaure (D:5)
  A chaos spawn (Abyss:3)
  3 acid dragons
  3 harpy simulacra
  2 wargs
  2 hell hounds (Lair:5)
  2 hydra simulacra (IceCv)
  10 water moccasins
  Duvessa (D:4)
  A floating eye (Slime:5)
  A fire bat skeleton (Crypt:2)
  30 orc warriors
  An ettin simulacrum (IceCv)
  4 ice beasts
  A black bear (shapeshifter) (Vaults:3)
  A black bear (D:8)
  An alligator simulacrum (IceCv)
  3 boggarts (Vaults:4)
  6 centaurs
  4 ogres
  21 wolves (Lair:5)
  An elephant skeleton (Crypt:2)
  A blink frog skeleton (Crypt:1)
  4 phantoms
  A rime drake zombie (Crypt:3)
  6 kobold brigands (D:9)
  A scorpion (D:6)
  19 bullfrogs
  2 gnoll sergeants (D:9)
  2 earth elementals (Elf:2)
  13 deep troll simulacra (IceCv)
  A shapeshifter zombie (Crypt:3)
  A polar bear zombie (Crypt:1)
  Dowan (D:4)
  12 killer bees
  4 lindwurm simulacra (IceCv)
  8 howler monkeys
  3 small abominations
  3 hounds
  Crazy Yiuf (D:4)
  2 jellies
  30 orc priests
  3 sleepcaps
  6 iguanas
  30 orc wizards
  7 mummies (Crypt:3)
  10 gnolls
  17 adders
  4 shadow imps
  5 white imps
  5 ufetubi
  An adder skeleton (Crypt:3)
  2 worms (D:2)
  6 dart slugs
  103 orcs
  12 ball pythons
  4 endoplasms
  3 giant cockroaches
  13 goblins
  8 hobgoblins
  10 jackals
  2 quokkas
  3 bats
  9 frilled lizards
  5 kobolds
  A kobold zombie (Crypt:2)
  A quokka zombie (Crypt:1)
  3 rats
1921 creatures vanquished.

Vanquished Creatures (collateral kills)
  the Royal Jelly (Slime:5)
  The ghost of ShutUppercut the Conqueror, a legendary DsGl of Qazlal (Zot:2)
  Xtahua (Depths:3)
  Jory (Crypt:3)
  4 golden dragons
  Arachne (Spider:4)
  6 tentacled monstrosities
  An electric golem (Zot:1)
  A walking divine tome (Depths:2)
  7 titans (Vaults:5)
  14 acid blobs
  2 quicksilver dragons (Zot:3)
  2 death cobs
  3 ancient champions
  A tengu reaver (Vaults:5)
  A tentacled starspawn (Abyss:3)
  A fire giant (Vaults:5)
  2 shadow dragons
  9 azure jellies
  A draconian monk (Zot:4)
  2 storm dragons
  12 rockslimes
  2 iron dragons
  2 ghost moths (Zot:3)
  5 vault wardens
  3 draconian stormcallers
  A draconian scorcher (Depths:4)
  A draconian shifter (Zot:5)
  A curse skull (Crypt:3)
  A ghoul (Crypt:3)
  5 ironbound preservers (Vaults:5)
  An orc warlord (Orc:2)
  2 draconian annihilators (Zot:1)
  12 quicksilver oozes
  11 very ugly things
  The ghost of Anriel the Carver, a journeyman HuGl of Okawaru (D:13)
  3 stone giants (Vaults:5)
  A putrid mouth (Hell)
  A black draconian (Zot:5)
  2 vampire knights
  A green draconian (Zot:3)
  A deep elf demonologist (Vaults:5)
  3 white draconians (Zot:3)
  2 spark wasps (Depths:4)
  3 red draconians
  6 purple draconians
  A yellow draconian (Zot:3)
  2 ettins (Vaults:5)
  2 eidola
  2 blizzard demons
  A merfolk impaler (Shoals:4)
  3 deep elf death magi
  7 jiangshi
  3 yaktaur captains
  7 vault guards
  2 great orbs of eyes
  An ice dragon (shapeshifter) (Depths:4)
  A centaur warrior (Vaults:2)
  4 vampire magi
  2 death knights
  3 hell hogs (Hell)
  A shock serpent (shapeshifter) (Vaults:5)
  Sonja (Lair:4)
  2 soul eaters
  12 hell knights
  A wretched star (Abyss:3)
  12 skeletal warriors
  2 flayed ghosts (Crypt:3)
  2 deep trolls (Vaults:5)
  2 glowing orange brains (Zot:2)
  A golden dragon zombie (Crypt:1)
  4 shining eyes
  An orc knight (Orc:2)
  An ironbound convoker (Vaults:5)
  2 phantasmal warriors
  A necromancer (Hell)
  3 ugly things
  A manticore (D:13)
  2 moths of wrath (Zot:3)
  A cyclops (D:13)
  A stone giant skeleton (Crypt:2)
  A guardian serpent (Abyss:3)
  5 rust devils (Hell)
  2 smoke demons (Hell)
  A demonic crawler (Hell)
  A molten gargoyle (Hell)
  A gargoyle (D:10)
  2 eyes of devastation (Zot:2)
  A hellion (Hell)
  3 freezing wraiths
  A grey draconian zombie (Crypt:2)
  13 yaktaurs
  A tormentor (Coc:2)
  3 meliai (Abyss:3)
  3 raiju (Abyss:2)
  A troll (D:13)
  A merfolk (Shoals:4)
  A queen bee (Abyss:3)
  61 slime creatures
  A jumping spider (Spider:4)
  5 wraiths
  7 golden eyes
  3 small abominations
  A redback (Spider:4)
  A water nymph zombie (Crypt:3)
  A naga (Abyss:3)
  7 orc warriors
  A black mamba simulacrum (Crypt:3)
  An ettin simulacrum (Coc:2)
  2 ogres
  A draconian zombie (Crypt:1)
  A kobold brigand (D:9)
  4 necrophages
  A howler monkey (D:11)
  An orc priest (D:11)
  3 orc wizards
  An ice beast zombie (Crypt:1)
  A hound skeleton (Crypt:3)
  4 gnolls
  17 orcs
405 creatures vanquished.

Vanquished Creatures (others)
  Frederick (Crypt:2)
  A tengu reaver (Vaults:5)
  A storm dragon (Zot:3)
  2 azure jellies
  A fire giant (Depths:4)
  6 rockslimes (Slime:5)
  A draconian monk (Zot:4)
  A frost giant (Vaults:5)
  A ghoul (Crypt:3)
  6 very ugly things
  A stone giant (Vaults:5)
  A putrid mouth (Hell)
  2 green draconians
  A purple draconian (Depths:4)
  5 black draconians
  A yellow draconian (Zot:1)
  A red draconian (Zot:3)
  A deep elf death mage (Crypt:2)
  An ettin (Vaults:5)
  3 vault guards (Vaults:5)
  A yaktaur captain (Vaults:5)
  2 ice dragons
  An ogre mage (Vaults:5)
  A hell hog (Hell)
  A vampire mage (Crypt:3)
  3 hell knights
  A wretched star (Abyss:2)
  A skeletal warrior (Crypt:1)
  A deep troll (Vaults:5)
  A phantasmal warrior (Vaults:5)
  2 ironbound convokers (Vaults:5)
  2 ugly things (Depths:4)
  A rust devil (Hell)
  2 yaktaurs (Vaults:5)
  A tormentor (Dis:1)
  A freezing wraith (Crypt:1)
  An ice devil (Hell)
  A meliai (Abyss:3)
  A shadow dragon simulacrum (Coc:2)
  A merfolk (shapeshifter) (Vaults:5)
  2 hellwings (Depths:3)
  2 raiju (Abyss:2)
  15 slime creatures
  23 dancing weapons
  A vampire mosquito (D:13)
  2 harpy simulacra (Coc:2)
  A necrophage (Crypt:1)
  An orc (Elf:2)
  9 starspawn tentacles
120 creatures vanquished.

Grand Total: 2446 creatures vanquished

Notes
Turn   | Place    | Note
-------+----------+-------------------------------------------
     0 | D:1      | ababab the Felid Enchanter began the quest for the Orb.
     0 | D:1      | Reached XP level 1. HP: 7/7 MP: 4/4
    82 | D:1      | Reached XP level 2. HP: 8/12 MP: 6/6
    85 | D:1      | Learned a level 2 spell: Ensorcelled Hibernation
   532 | D:1      | Found a faded altar of an unknown god.
   543 | D:1      | Reached skill level 5 in Hexes
   662 | D:1      | Reached XP level 3. HP: 15/15 MP: 7/7
   666 | D:1      | Learned a level 3 spell: Confusing Touch
  1013 | D:1      | Reached skill level 5 in Dodging
  1013 | D:1      | Reached skill level 5 in Spellcasting
  1013 | D:1      | Reached skill level 8 in Hexes
  1013 | D:1      | Reached XP level 4. HP: 21/21 MP: 8/12
  1127 | D:2      | Learned a level 3 spell: Tukima's Dance
  1839 | D:3      | Reached XP level 5. HP: 23/24 MP: 13/13
  2412 | D:3      | Found a hazy altar of Hepliaklqana.
  2524 | D:4      | Found a runed translucent door.
  2555 | D:4      | Noticed Henri's ghost (amateur GrFi)
  2567 | D:4      | Noticed an ogre
  2657 | D:4      | Found a staircase to the Ecumenical Temple.
  2668 | Temple   | Entered the Ecumenical Temple
  2917 | D:4      | Found a runed translucent door.
  2918 | D:4      | Noticed Crazy Yiuf
  2926 | D:4      | Killed Crazy Yiuf
  2927 | D:4      | Reached skill level 9 in Hexes
  2927 | D:4      | Gained mutation: You are covered in thick fur. (AC +2)
                  | [Felid growth]
  2927 | D:4      | Reached XP level 6. HP: 28/28 MP: 4/14
  3386 | D:4      | Killed Henri's ghost
  3387 | D:4      | Reached XP level 7. HP: 31/31 MP: 13/16
  3618 | D:4      | Noticed Duvessa
  3618 | D:4      | Noticed Dowan
  3899 | D:4      | Killed Dowan
  3912 | D:4      | Killed Duvessa
  4277 | D:5      | Entered Level 5 of the Dungeon
  4277 | D:5      | Noticed Menkaure
  4282 | D:5      | Killed Menkaure
  4283 | D:5      | Reached XP level 8. HP: 36/36 MP: 13/17
  4325 | D:5      | Got the Compilation of Dislocated Poison
  4442 | D:5      | Reached skill level 10 in Hexes
  4561 | D:5      | Noticed mihai's ghost (amateur MiFi)
  4564 | D:5      | Found a runed translucent gate.
  4564 | D:5      | Found a runed translucent gate.
  4564 | D:5      | Found a runed translucent gate.
  5746 | D:6      | Reached XP level 9. HP: 39/39 MP: 19/19
  6513 | D:7      | Reached skill level 11 in Hexes
  6626 | D:7      | Reached skill level 5 in Unarmed Combat
  7121 | D:8      | Found a white marble altar of Elyvilon.
  7254 | D:8      | Found an ornate altar of the Wu Jian Council.
  7399 | D:8      | Noticed Maurice
  7404 | D:8      | Killed Maurice
  7507 | D:8      | Got the Vellum of the Missiles and Ozone
  7602 | D:8      | Identified the ring "Fineotes" {Fly rPois rF+ Str-3 SInv}
  7607 | D:8      | Reached skill level 5 in Fighting
  8031 | D:8      | Found a staircase to the Lair.
  8110 | D:9      | Noticed a two-headed ogre
  8115 | D:9      | Reached XP level 10. HP: 37/44 MP: 12/21
  8250 | D:9      | Found a bloodstained altar of Trog.
  8283 | D:9      | Reached skill level 12 in Hexes
  8826 | D:9      | Found a glowing silver altar of Zin.
  8895 | D:9      | Found the +7 Throatcutter {drain, coup de grace}
  9061 | D:9      | Learned a level 5 spell: Yara's Violent Unravelling
  9069 | D:9      | Learned a level 7 spell: Enfeeble
  9195 | D:9      | Found an ancient bone altar of Kikubaaqudgha.
  9420 | D:10     | Entered Level 10 of the Dungeon
  9689 | D:10     | Found a stormy altar of Qazlal.
  9866 | D:10     | Found a shimmering blue altar of Sif Muna.
  9870 | D:10     | Found a snail-covered altar of Cheibriados.
  9877 | D:10     | Found an iron altar of Okawaru.
  9881 | D:10     | Found a shadowy altar of Dithmenos.
  9883 | D:10     | Found a shimmering altar of Xom.
  9887 | D:10     | Became a worshipper of Dithmenos the Shadowed
  9889 | D:10     | Found a blossoming altar of Fedhas.
 10164 | D:10     | Noticed a gargoyle
 10177 | D:10     | Killed a gargoyle
 10276 | D:10     | Found a glowing golden altar of the Shining One.
 10603 | Lair:1   | Entered Level 1 of the Lair of Beasts
 10790 | Lair:1   | Noticed Gastronok
 10903 | Lair:1   | Reached skill level 13 in Hexes
 10937 | Lair:1   | Reached XP level 11. HP: 48/48 MP: 24/24
 11047 | Lair:1   | Reached * piety under Dithmenos
 11715 | Lair:2   | Reached skill level 10 in Stealth
 11842 | Lair:2   | Found a staircase to the Shoals.
 12064 | Lair:2   | Noticed an eight-headed hydra
 12109 | Lair:2   | Killed an eight-headed hydra
 12273 | Lair:2   | Reached skill level 14 in Hexes
 12961 | Lair:3   | Learned a level 2 spell: Blink
 12992 | Lair:3   | Found a hole to the Spider Nest.
 13005 | Lair:3   | Reached skill level 1 in Translocations
 13639 | Lair:4   | Noticed Sonja
 13738 | Lair:4   | Killed Sonja
 13739 | Lair:4   | Gained mutation: Your thick and shaggy fur keeps you warm.
                  | (AC +3, rC+) [Felid growth]
 13739 | Lair:4   | Reached XP level 12. HP: 53/53 MP: 12/26
 13848 | Lair:3   | Reached ** piety under Dithmenos
 14232 | Lair:4   | Reached skill level 15 in Hexes
 14232 | Lair:4   | Reached skill level 5 in Translocations
 14824 | Lair:4   | Noticed a death yak
 14825 | Lair:4   | Noticed a death yak
 14825 | Lair:4   | Noticed a death yak
 14826 | Lair:4   | Noticed a death yak
 14900 | Lair:5   | Entered Level 5 of the Lair of Beasts
 14933 | Lair:5   | Reached skill level 10 in Dodging
 15049 | Lair:5   | Found a staircase to the Slime Pits.
 15052 | Lair:5   | Found a viscous altar of Jiyva.
 15256 | Lair:5   | Reached skill level 10 in Spellcasting
 15286 | Lair:5   | Reached skill level 1 in Transmutations
 16142 | D:11     | Identified the +3 morningstar "Goblinbane" {speed, rF+
                  | Str+3}
 16186 | D:11     | Reached *** piety under Dithmenos
 16391 | D:11     | Found a staircase to the Orcish Mines.
 16640 | D:11     | Learned a level 3 spell: Mephitic Cloud
 16642 | D:11     | Reached XP level 13. HP: 58/58 MP: 25/28
 16706 | D:10     | Reached skill level 16 in Hexes
 17261 | D:11     | Identified the +4 spear "Piunlan" {flame, rCorr Stlth+}
 17342 | D:12     | Reached **** piety under Dithmenos
 17436 | D:12     | Reached skill level 1 in Poison Magic
 17539 | D:12     | Reached skill level 1 in Conjurations
 17815 | D:12     | Reached skill level 1 in Air Magic
 18470 | Orc:1    | Entered Level 1 of the Orcish Mines
 18470 | Orc:1    | Noticed Erolcha
 18496 | Orc:1    | Noticed Erica
 18946 | D:11     | Killed Erica
 19008 | Orc:1    | Killed Erolcha
 19274 | Orc:2    | Entered Level 2 of the Orcish Mines
 19274 | Orc:2    | Found a staircase to the Elven Halls.
 19925 | Orc:2    | Reached ***** piety under Dithmenos
 19974 | Orc:2    | Found Fizepse's Fabulous Fripperies.
 20044 | Orc:1    | Noticed Fannar
 20060 | Orc:1    | Killed Fannar
 21039 | Orc:2    | Found Xukour's Armour Shoppe.
 21341 | Orc:2    | Found Dosatsaru's Assorted Antiques.
 21906 | Orc:2    | Found Rularoem's Antique Armour Boutique.
 21906 | Orc:2    | Noticed an orc warlord
 22137 | Orc:2    | Found Rauzevuh's Antique Weapon Shop.
 22334 | Orc:2    | Killed an orc warlord
 22405 | Orc:2    | Bought a manual of Fighting for 1040 gold pieces
 22612 | D:13     | Found a portal to a secret trove of treasure.
 22634 | D:13     | Noticed Anriel's ghost (journeyman HuGl)
 22843 | D:13     | Found a runed translucent gate.
 22844 | D:13     | Found a runed translucent gate.
 22845 | D:13     | Found a runed translucent gate.
 23288 | D:14     | Found a gate to the Vaults.
 23482 | D:9      | Reached XP level 14. HP: 63/63 MP: 27/30
 23557 | Lair:1   | Killed Gastronok
 23699 | Lair:5   | Reached skill level 5 in Transmutations
 23984 | Lair:5   | Reached skill level 17 in Hexes
 24326 | Lair:5   | Reached ****** piety under Dithmenos
 25527 | Spider:1 | Entered Level 1 of the Spider Nest
 26030 | Spider:1 | Reached skill level 18 in Hexes
 27012 | Spider:2 | Reached XP level 15. HP: 69/69 MP: 29/32
 27120 | Spider:2 | Reached skill level 10 in Fighting
 27140 | Spider:1 | Identified 2 scrolls of acquirement
 27143 | Spider:1 | Acquired Kitulory's Compilation of Fulgent Excavation
 27145 | Spider:1 | Acquired an amulet of regeneration
 28221 | Spider:3 | Found a runed translucent door.
 28221 | Spider:3 | Found a shimmering altar of Xom.
 28221 | Spider:3 | Noticed zielscheibe's ghost (adept OgIE)
 29197 | Spider:3 | Reached skill level 19 in Hexes
 29486 | Spider:4 | Entered Level 4 of the Spider Nest
 29793 | Spider:4 | Noticed Arachne
 30463 | Spider:4 | Killed Arachne
 31484 | Spider:4 | Reached skill level 10 in Unarmed Combat
 31635 | Spider:4 | Noticed an emperor scorpion
 31675 | Spider:4 | Killed an emperor scorpion
 32026 | Spider:4 | Reached XP level 16. HP: 68/75 MP: 4/34
 32889 | Spider:4 | Reached skill level 20 in Hexes
 33858 | Spider:4 | Identified the orb "Ozukkeiv" {light, rElec Regen+ Str+3
                  | Slay+3}
 33915 | Spider:4 | Got a gossamer rune of Zot
 34184 | Shoals:1 | Entered Level 1 of the Shoals
 34783 | D:14     | Noticed Frances
 34785 | D:14     | Killed Frances
 34786 | D:14     | Reached skill level 15 in Stealth
 35741 | D:15     | Entered Level 15 of the Dungeon
 35926 | D:15     | Found a frozen archway.
 35936 | IceCv    | Entered an ice cave
 35945 | IceCv    | Slain by a spriggan defender simulacrum
 35946 | IceCv    | Reached XP level 15. HP: -1/72 MP: 31/33
 36234 | IceCv    | Killed from afar by a blizzard demon
 36235 | IceCv    | Reached XP level 14. HP: -13/69 MP: 17/32
 37111 | IceCv    | Reached skill level 21 in Hexes
 37536 | IceCv    | Got the Cyclopedia of Effluvium and Stones
 37707 | D:15     | Found Pyingur's Armour Boutique.
 37721 | D:15     | Reached XP level 15. HP: 73/73 MP: 34/34
 37734 | D:15     | Found a staircase to the Depths.
 37859 | D:15     | Found a sacrificial altar of Ru.
 38807 | Lair:2   | Killed a frost giant
 41029 | Shoals:3 | Found Kalinuoxt's Assorted Antiques.
 41056 | Shoals:3 | Reached skill level 22 in Hexes
 41279 | Shoals:3 | Noticed a kraken
 41308 | Shoals:3 | Killed a kraken
 41579 | Shoals:3 | Reached XP level 16. HP: 76/79 MP: 19/35
 42104 | Shoals:4 | Entered Level 4 of the Shoals
 42237 | Shoals:4 | Noticed Ilsuiw
 42238 | Shoals:4 | Killed Ilsuiw
 42923 | Shoals:4 | Identified the +10 quarterstaff "Venokow" {protect, rPois
                  | rF+ rN+ Stlth-}
 42975 | Shoals:4 | Reached skill level 15 in Dodging
 43070 | Shoals:4 | Reached skill level 15 in Spellcasting
 43738 | Shoals:4 | Identified the ring of Temperance {Ice rPois rN+ Will-}
 44167 | Shoals:4 | Got a barnacled rune of Zot
 44375 | Shoals:3 | Bought a potion of curing for 90 gold pieces
 44719 | Vaults:1 | Entered Level 1 of the Vaults
 44723 | Vaults:1 | Found a flickering gateway to a bazaar.
 44743 | Bazaar   | Entered a bazaar
 44743 | Bazaar   | Found Ikexymis's Weapon Boutique.
 44743 | Bazaar   | Found Qeov's Armour Shoppe.
 44759 | Bazaar   | Found Gugeuk's Antique Weapon Boutique.
 44783 | Bazaar   | Found Xouhaff's Assorted Antiques.
 44788 | Bazaar   | Found Urisal's Armour Boutique.
 44815 | Bazaar   | Bought a potion of curing for 111 gold pieces
 44815 | Bazaar   | Bought a potion of heal wounds for 185 gold pieces
 44815 | Bazaar   | Bought a scroll of teleportation for 111 gold pieces
 45006 | Orc:2    | Bought a potion of resistance for 290 gold pieces
 45006 | Orc:2    | Bought a potion of cancellation for 232 gold pieces
 45006 | Orc:2    | Bought a potion of flight for 87 gold pieces
 45022 | Orc:2    | Bought a book of Frost for 260 gold pieces
 45022 | Orc:2    | Bought a scroll of fog for 52 gold pieces
 45796 | Vaults:1 | Reached skill level 23 in Hexes
 45984 | Vaults:1 | Identified the +7 battleaxe of the Valley {drain, rPois
                  | Int+2}
 46105 | Vaults:1 | Noticed a sphinx
 46115 | Vaults:1 | Killed a sphinx
 46369 | Vaults:1 | Reached XP level 17. HP: 63/84 MP: 22/37
 47461 | Vaults:2 | Reached skill level 15 in Fighting
 47500 | Vaults:2 | Noticed Zenata
 47506 | Vaults:2 | Killed Zenata
 47665 | Vaults:2 | Identified the +1 glaive of Fate {speed, +Blink Int+4}
 48602 | Vaults:2 | Reached skill level 24 in Hexes
 49199 | Vaults:3 | Found a staircase to the Crypt.
 49199 | Vaults:3 | Found an ancient bone altar of Kikubaaqudgha.
 49200 | Vaults:3 | Found a basalt altar of Yredelemnul.
 49360 | Vaults:3 | Reached XP level 18. HP: 89/89 MP: 17/39
 49821 | Vaults:3 | Found Xocu's Assorted Antiques.
 49829 | Vaults:3 | Bought a scroll of summoning for 399 gold pieces
 51349 | Vaults:4 | Paralysed by a great orb of eyes for 5 turns
 52421 | Vaults:4 | Found Dadaxipp's Magic Scroll Shop.
 52424 | Vaults:4 | Bought a scroll of fear for 64 gold pieces
 52728 | Vaults:4 | Reached skill level 25 in Hexes
 53083 | Depths:1 | Entered Level 1 of the Depths
 53086 | Depths:1 | Found Pixtexa's Book Boutique.
 53090 | Depths:1 | Found Konait's Antique Armour Shop.
 53091 | Depths:1 | Found Riwuured's Armour Boutique.
 53236 | Depths:1 | Found a gateway to Hell.
 54234 | Depths:1 | Found a one-way gate leading to the halls of Pandemonium.
 54550 | Depths:1 | Found a basalt altar of Yredelemnul.
 55188 | Depths:2 | Reached XP level 19. HP: 94/94 MP: 20/41
 57184 | Depths:1 | Bought a book of Blasting for 440 gold pieces
 57184 | Depths:1 | Bought a manual of Summonings for 880 gold pieces
 57189 | Depths:1 | Learned a level 4 spell: Iskenderun's Mystic Blast
 57847 | Depths:2 | Reached skill level 1 in Summonings
 58366 | Depths:2 | HP: 4/95 [living spell/divine providence[a walking divine
                  | tome] (14)]
 59003 | Depths:3 | Found a one-way gateway to a ziggurat.
 59077 | Depths:3 | Found Buas's Book Boutique.
 59125 | Depths:3 | Found a runed translucent gate.
 59125 | Depths:3 | Found a runed translucent gate.
 59125 | Depths:3 | Found a runed translucent gate.
 59125 | Depths:3 | Noticed Tamtam's ghost (adept HOFi)
 59164 | Depths:3 | Found a one-way gate to the infinite horrors of the Abyss.
 59164 | Depths:3 | Noticed Louise
 59216 | Depths:3 | Found a gateway to a bazaar.
 59222 | Bazaar   | Entered a bazaar
 59235 | Bazaar   | Found Leinoa's Book Boutique.
 59239 | Bazaar   | Found Lyrim's General Store.
 59239 | Bazaar   | Found Wocky's Armour Boutique.
 59240 | Bazaar   | Found Ydgheb's Antique Armour Boutique.
 59250 | Bazaar   | Bought a potion of haste for 110 gold pieces
 59570 | Elf:1    | Entered Level 1 of the Elven Halls
 59904 | Elf:1    | Paralysed by an air elemental for 1 turns
 59909 | Elf:1    | Paralysed by an air elemental for 1 turns
 59986 | Elf:1    | Learned a level 4 spell: Airstrike
 60284 | Elf:1    | Reached skill level 5 in Ice Magic
 60747 | Elf:1    | Found Tefilu's General Store.
 60754 | Elf:1    | Bought a scroll of blinking for 97 gold pieces
 60974 | Elf:2    | Found a huge runed translucent gate.
 60974 | Elf:2    | Found a huge runed translucent gate.
 60974 | Elf:2    | Found a huge runed translucent gate.
 60989 | Elf:2    | Found a huge runed translucent gate.
 60989 | Elf:2    | Found a huge runed translucent gate.
 61719 | Elf:2    | Reached skill level 5 in Summonings
 61776 | Elf:2    | Reached skill level 26 in Hexes
 62510 | Elf:2    | Reached XP level 20. HP: 99/99 MP: 42/42
 62612 | Elf:3    | Entered Level 3 of the Elven Halls
 62681 | Elf:3    | Found Huelliz's Jewellery Shop.
 62681 | Elf:3    | Found Bahacs's Book Emporium.
 62682 | Elf:3    | Found Pyemefuwa's Book Emporium.
 63328 | Elf:3    | Identified the +0 leather armour of the Hurricane {rPois}
 63504 | Elf:3    | Identified the +5 scale mail of Yvvobrusch {rF+ Will+ Str+2
                  | SInv}
 63806 | Elf:3    | Identified the staff of poison "Totet" {*Corrode rElec
                  | rPois rN+++ Stlth-}
 63806 | Elf:3    | Identified the ring of Ogguekap {rN+ Int-2 Dex+8}
 64463 | Elf:3    | Paralysed by an air elemental for 1 turns
 64592 | Elf:3    | Identified the staff of cold "Gautsoatt" {rC+ rCorr}
 65106 | Elf:3    | Identified the +0 robe "Abrok" {rPois}
 65106 | Elf:3    | Identified the ring "Yliolyaf" {Will+ Int+6 Slay+3}
 65286 | Elf:3    | Identified the +11 falchion of Zeut {vamp, rC+}
 65523 | Elf:3    | Identified the staff of air "Ikkisig" {+Blink rElec Dex+3
                  | Stlth-}
 65809 | Elf:3    | Identified the +1 swamp dragon scales of the Game of Kings
                  | {rPois rN+ Int+2 Stlth+}
 66378 | Elf:3    | Reached skill level 5 in Air Magic
 66415 | Elf:3    | Paralysed by an air elemental for 1 turns
 66982 | Elf:3    | Bought a book of Chaos for 850 gold pieces
 66991 | Elf:3    | Learned a level 8 spell: Discord
 67745 | Depths:3 | Found Calonkinu's Assorted Antiques.
 67749 | Depths:3 | Bought a potion of curing for 57 gold pieces
 67895 | Depths:3 | Noticed Xtahua
 67961 | Depths:3 | Reached skill level 10 in Translocations
 68549 | Depths:3 | Killed Tamtam's ghost
 68816 | Depths:3 | Killed Xtahua
 68972 | Depths:3 | Killed Louise
 69060 | Depths:3 | Identified the ring of Cyprol {rPois rF+ rN+ rCorr Int+4}
 69093 | Depths:3 | Learned a level 6 spell: Summon Cactus Giant
 69593 | Depths:4 | Entered Level 4 of the Depths
 69825 | Depths:4 | Reached XP level 21. HP: 104/104 MP: 30/44
 70121 | Depths:4 | Noticed a golden dragon
 70412 | Depths:4 | Reached skill level 27 in Hexes
 70868 | Depths:4 | Found a shadowy altar of Dithmenos.
 71524 | Depths:4 | Found a gate to the Realm of Zot.
 71533 | Depths:4 | Killed a golden dragon
 71904 | Depths:4 | Found an iron altar of Okawaru.
 71985 | Depths:4 | Learned a level 8 spell: Disjunction
 72255 | Vaults:5 | Entered Level 5 of the Vaults
 73605 | Vaults:5 | Reached XP level 22. HP: 109/109 MP: 41/45
 73752 | Vaults:5 | Acquired 514 gold pieces
 74457 | Vaults:5 | Identified the +1 sling "Opryufir" {freeze, Str+6 Int+4
                  | Dex+2}
 74870 | Vaults:5 | Identified the +1 pair of gloves "Tieng" {rPois rC+}
 75015 | Vaults:5 | Noticed a dread lich
 75018 | Vaults:5 | Killed a dread lich
 75019 | Vaults:5 | Reached XP level 23. HP: 104/112 MP: 42/47
 75310 | Vaults:5 | Got a silver rune of Zot
 76194 | Zot:1    | Entered Level 1 of the Realm of Zot
 76672 | Zot:1    | Noticed a curse toe
 76675 | Zot:1    | Killed a curse toe
 76697 | Zot:1    | Acquired a book of Beasts
 76705 | Zot:1    | Learned a level 5 spell: Summon Mana Viper
 76863 | Zot:1    | Reached skill level 15 in Translocations
 78052 | Zot:2    | Found a runed translucent gate.
 78052 | Zot:2    | Found a runed translucent gate.
 78052 | Zot:2    | Found a runed translucent gate.
 78055 | Zot:2    | Noticed ShutUppercut's ghost (legendary DsGl)
 78058 | Zot:2    | Found a viscous altar of Jiyva.
 78081 | Zot:2    | Killed ShutUppercut's ghost
 78082 | Zot:2    | Reached skill level 15 in Unarmed Combat
 78313 | Zot:2    | Identified the ring "Cicib" {Fire Fly rPois rCorr Int-2}
 80635 | Zot:4    | Reached XP level 24. HP: 111/118 MP: 37/48
 81706 | Zot:5    | Entered Level 5 of the Realm of Zot
 82889 | Zot:5    | Noticed a dread lich
 82891 | Zot:5    | Noticed a Killer Klown
 83044 | Zot:5    | Noticed an orb of fire
 83044 | Zot:5    | Noticed an orb of fire
 83205 | Zot:5    | Noticed an orb of fire
 83319 | Hell     | Entered the Vestibule of Hell
 83319 | Hell     | Noticed Geryon
 83321 | Hell     | Killed Geryon
 83418 | Hell     | Noticed Murray
 83918 | Hell     | Found a gateway to the decaying netherworld of Tartarus.
 83962 | Hell     | Found a gateway to the freezing wastes of Cocytus.
 84527 | Depths:4 | Killed Murray
 84599 | Hell     | Found a gateway to the ashen valley of Gehenna.
 84693 | Hell     | Found a gateway to the Iron City of Dis.
 85027 | D:13     | You paid a toll of the horn of Geryon to enter a treasure
                  | trove
 85028 | Trove    | Entered a treasure trove
 85050 | Trove    | Identified the ring of the Thistle {rPois Will+ rCorr Dex-3
                  | SInv}
 85070 | Trove    | Acquired a book of Ice
 85165 | D:13     | Killed Anriel's ghost
 85306 | D:13     | Identified the +1 robe of Defence {Str+2}
 85424 | Crypt:1  | Entered Level 1 of the Crypt
 86457 | Crypt:1  | Found a runed translucent gate.
 86457 | Crypt:1  | Found a runed translucent gate.
 86457 | Crypt:1  | Found a runed translucent gate.
 86459 | Crypt:1  | Found an ancient bone altar of Kikubaaqudgha.
 86459 | Crypt:1  | Noticed a dread lich
 86461 | Crypt:1  | Noticed Heot Zafel's ghost (veteran MiGl)
 86541 | Crypt:2  | Noticed Frederick
 86870 | Crypt:2  | Killed Frederick
 87482 | Elf:3    | Bought the amulet of Deqinexowu {Regen+ Stlth+} for 835
                  | gold pieces
 87852 | Crypt:2  | Acquired a book of the Warp
 88523 | Crypt:3  | Entered Level 3 of the Crypt
 88523 | Crypt:3  | Noticed Mennas
 88525 | Crypt:3  | Killed Mennas
 88730 | Crypt:3  | Reached skill level 10 in Summonings
 89032 | Crypt:3  | Found the +2 cloak of the Thief {*Fog Slay-2 SInv Stlth+}
 89096 | Crypt:3  | Reached XP level 25. HP: 75/123 MP: 33/48
 89316 | Crypt:3  | Noticed Jory
 89348 | Crypt:3  | Killed Jory
 90011 | Crypt:3  | Identified the ring "Fazit" {Ice rCorr Int+8 Slay-3 Stlth-}
 90011 | Crypt:3  | Noticed Josephina
 90552 | Crypt:3  | Killed Josephina
 90971 | Crypt:3  | Found a staircase to the Tomb.
 91046 | Crypt:3  | Found the +3 pair of gauntlets of War {Slay+5}
 91162 | Crypt:3  | Noticed an ancient lich
 91162 | Crypt:3  | Noticed an ancient lich
 91163 | Crypt:3  | Noticed an ancient lich
 91705 | Slime:1  | Entered Level 1 of the Pits of Slime
 92983 | Slime:1  | You fall into a shaft and drop 1 floor!
 93204 | Slime:2  | Gained mutation: You are robust. (+10% HP) [a shining eye]
 95594 | Slime:5  | Entered Level 5 of the Pits of Slime
 95640 | Slime:5  | Noticed the Royal Jelly
 95642 | Slime:5  | Found a viscous altar of Jiyva.
 96200 | Slime:5  | Gained mutation: [You occasionally lose the ability to
                  | drink potions when taking damage.] [a shining eye]
 96202 | Slime:5  | Gained mutation: [You are weak. (Str -2)] [a shining eye]
 96259 | Slime:4  | Lost mutation: You are robust. (+10% HP) [potion of
                  | mutation]
 96259 | Slime:4  | Lost mutation: [You occasionally lose the ability to drink
                  | potions when taking damage.] [potion of mutation]
 96259 | Slime:4  | Lost mutation: [You are weak. (Str -2)] [potion of
                  | mutation]
 96259 | Slime:4  | Gained mutation: [You are clumsy. (Dex -2)] [potion of
                  | mutation]
 96259 | Slime:4  | Gained mutation: You possess an exceptional clarity of
                  | mind. [potion of mutation]
 96731 | Slime:5  | Killed the Royal Jelly
 97644 | Slime:5  | Identified the ring "Xedae" {Wiz rElec}
 97688 | Slime:5  | Got the Monograph on the Queen Bee
 97697 | Slime:5  | Identified the +1 falchion "Atio" {holy, rF+ rCorr Dex+6}
 97749 | Slime:5  | Identified the +0 robe of the True Pharaoh {Str+4}
 97751 | Slime:5  | Got a slimy rune of Zot
 98516 | Dis:1    | Entered Level 1 of the Iron City of Dis
 98639 | Depths:3 | Voluntarily entered the Abyss.
 98885 | Abyss:2  | Found a corrupted altar of Lugonu.
 99237 | Depths:3 | Escaped the Abyss
 99309 | Depths:3 | Lost mutation: [You are clumsy. (Dex -2)] [potion of
                  | mutation]
 99309 | Depths:3 | Lost mutation: You possess an exceptional clarity of mind.
                  | [potion of mutation]
 99309 | Depths:3 | Gained mutation: You are strong-willed. (Will+) [potion of
                  | mutation]
 99309 | Depths:3 | Gained mutation: You are partially covered in iridescent
                  | scales. (AC +2) [potion of mutation]
 99309 | Depths:3 | Gained mutation: Your flesh is cold resistant. (rC+)
                  | [potion of mutation]
 99311 | Depths:3 | Voluntarily entered the Abyss.
100212 | Abyss:3  | Found a corrupted altar of Lugonu.
100245 | Abyss:3  | Got an abyssal rune of Zot
100343 | Depths:3 | Escaped the Abyss
100801 | Coc:1    | Entered Level 1 of Cocytus
100852 | Coc:1    | You fall into a shaft and drop 1 floor!
100878 | Coc:2    | HP: 3/86 [harpy simulacrum (3)]
100879 | Coc:2    | Annihilated by a nargun
100880 | Coc:2    | Reached XP level 24. HP: -28/84 MP: 23/34
100891 | Coc:2    | HP: 3/84 [harpy simulacrum (2)]
100891 | Coc:2    | HP: 1/84 [harpy simulacrum (1)]
100891 | Coc:2    | Slain by a harpy simulacrum
100892 | Coc:2    | Reached XP level 23. HP: -2/81 MP: 30/34
100899 | Coc:2    | Reached XP level 24. HP: 29/84 MP: 26/34
100900 | Coc:2    | Killed from afar by an elemental wellspring

Illustrated notes

Levels and vault maps discovered:
D:1:      dpeg_arrival_tiny_a, layout_basic, hellmonk_ecumenical_altar_blasted
D:2:      layout_rooms, serial_corexii_hall, chequers_hall_statues_y,
          corexii_hall_statues_u, grunt_ministairs_10, nicolae_titane
D:3:      layout_loops_ring, worldfamousw_hep_ancestral_shrine,
          hangedman_abyss_or_decor_lesser_grid
D:4:      layout_basic, minmay_temple_entry_overgrown, ebering_ghost_sewer_d,
          uniq_crazy_yiuf_cottage, uniq_duvessa
D:5:      minmay_angry_zag, layout_cave_pods, gammafunk_ghost_split,
          uniq_menkaure
D:6:      layout_cave_pools, minmay_statues_item, kennysheep_potato
D:7:      layout_loops_ring
D:8:      layout_basic, mainiacjoe_overflow_catwalk,
          nicolae_elyvilon_peaceful_grove, lair_entry_dummy, uniq_maurice
D:9:      layout_irregular_city, mainiacjoe_overflow_brackets,
          mainiacjoe_overflow_tiny_flanked, mainiacjoe_overflow_alcove_2,
          dilly_guarded_unrand_throatcut
D:10:     layout_basic, nicolae_qazlal_style_of_elements, tso_altar,
          nicolae_overflow_hallway_of_the_gods
D:11:     layout_basic, david_orc_5
D:12:     layout_basic, kennysheep_small_spiral
D:13:     layout_irregular_city, gammafunk_ghost_split,
          nicolae_trove_entry_isolated
D:14:     layout_roguey, lightli_vaults_fourway_checkpoint,
          minmay_misc_feat_alley, uniq_frances
D:15:     gammafunk_enter_depths_forms, layout_loops_ring,
          portal_ice_cave_entry_pillars_four, minivault_26, serial_shops, shop,
          nicolae_ru_awakened_eye
Temple:   hellmonk_temple_flake
Lair:1:   wander_river, layout_gridlike, uniq_gastronok
Lair:2:   layout_cave_pods, shoals_dummy_entry, grunt_megastairs_5,
          infiniplex_staircase_pool_2
Lair:3:   layout_cave_shapes, hellmonk_spider_entry_not_the_bees
Lair:4:   minmay_lair_venomous_thicket, layout_cave_pods, dpeg_oklob_1,
          grunt_megastairs_2, uniq_sonja
Lair:5:   minmay_lair_end_frog_pond, layout_regular_city, slime_entry_1,
          enter_volcano_3
Shoals:1: layout_shoals, st_cyclops
Shoals:2: layout_shoals
Shoals:3: layout_shoals, serial_shops, shop, nicolae_shoals_lost_giant_pillars,
          nzn_prometheus_bound
Shoals:4: shoals_end_simple, layout_shoals, shoal_ilsuiw,
          nicolae_shoals_aquamancer_cove
Spider:1: layout_cave_pods, drop_trap
Spider:2: layout_spider_delve, guppyfry_spider_mini_1,
          nicolae_spider_cling_halls
Spider:3: layout_spider_delve, ebering_ghost_xom,
          nicolae_spider_twisty_arc_passages
Spider:4: guppyfry_spider_rune, nicolae_arachne_temple
Slime:1:  layout_caves
Slime:2:  layout_caves
Slime:3:  cheibrodos_slime_lost_civilization_8, layout_caves,
          nicolae_slime_phagocytosis
Slime:4:  layout_caves, nicolae_slime_rock_hall_of_fame
Slime:5
Orc:1:    layout_caves, basic_altar, uniq_erolcha, uniq_fannar, uniq_erica
Orc:2:    grunt_orc_community_town_hall, layout_caves,
          grunt_orc_community_big_house_2, grunt_orc_community_big_house_1,
          grunt_orc_community_house_3, grunt_orc_community_house_2,
          grunt_orc_community_house_2, grunt_orc_community_house_1,
          nicolae_alphabet_shops
Elf:1:    eino_elf_arrival_sip, layout_loops_corners, serial_shops,
          nicolae_shop_peninsula, minmay_elf_crystal_heptagon,
          grunt_ministairs_13
Elf:2:    elven_hall_of_blades_hangedman_alternative
          [nicolae_blade_entry_diamond_columns], layout_gridlike
Elf:3:    nooodl_elf_gasket, layout_geoelf_grid, minmay_shop_grove
Vaults:1: ontoclasm_vaults_shuriken, vaults_room_stairs_pillars,
          nicolae_vaults_big_ls, hangedman_vaults_snaps, vaults_mumra_lcd,
          nicolae_vaults_quartermaster, nicolae_vaults_alarming,
          nicolae_vaults_layer_cake_slice, nicolae_vaults_cornered_office,
          nicolae_vaults_little_squares_6, nicolae_vaults_surprise_closet,
          grunt_vaults_hallway_short, nicolae_vaults_storage_closets_1,
          layout_vaults_ring, serial_shops, bzr_entry_dummy
Vaults:2: ontoclasm_vaults_loading_screen, nicolae_vaults_tangram_2,
          vaults_dpeg_hooks, ontoclasm_vaults_gateway, nicolae_vaults_gold_heap,
          v_misc_28, nicolae_vaults_shelves_hall, nicolae_vaults_trapezoid_3,
          layout_vaults_quadrants, uniq_zenata
Vaults:3: nicolae_vaults_little_ls, ontoclasm_vaults_chip, st_cells,
          nicolae_vaults_trapezoid_layered, nicolae_vaults_network_star,
          minmay_crypt_entry_necro_gods, nicolae_vaults_little_squares_6,
          serial_ice_b, nicolae_vaults_house_3,
          hangedman_vaults_stretched_pinwheel, vaults_room_stairs_pillars,
          layout_vaults_big_room, serial_shops, shop
Vaults:4: vaults_room_door_hall, nicolae_vaults_antechamber_and_loot_room,
          nicolae_vaults_diagonal_hallway_9,
          vaults_standard_mumra_enter_the_diamond, v_misc_5,
          hangedman_vaults_variations, vaults_room_grunt_arrival_ludios,
          nicolae_vaults_network_s, nicolae_vaults_trapezoid_2,
          ontoclasm_vaults_ring_small, nicolae_vaults_tetromino_Z_2,
          layout_vaults_omnibox, serial_shops, nicolae_shop_rolled_up
Vaults:5: serial_shops
Crypt:1:  layout_gridlike, gammafunk_ghost_crypt
Crypt:2:  layout_rooms, uniq_frederick
Crypt:3:  david_glass_crypt, layout_gridlike, nicolae_tomb_entry_grand_gallery,
          uniq_jory, uniq_josephina, uniq_mennas
Depths:1: layout_gridlike, grunt_metal_band, pan_entry,
          yredelemnul_forgotten_temple_becter, roderic_lattice_octagonal_star,
          minmay_shop_star
Depths:2: minmay_blocking_statues, layout_cave_shapes, minmay_misc_feat_x,
          pan_entry, pf_hell_entry_great_geh
Depths:3: wad_arrow_thing, layout_basic, enter_ziggurat_d,
          biasface_ghost_demon_polymorph,
          nicolae_abyss_entry_one_way_or_another, hell_entry, chequers_jeans,
          serial_shops, bzr_entry_islet, shop, shop, serial_bayou_lagoon_a,
          uniq_xtahua
Depths:4: grunt_zot_entry_bicorn, layout_long_grid, hangedman_coc_ice_floe,
          grunt_dithmenos_smoke, okawaru_altar_gauntlet_db
Hell
Dis:1:    layout_subdivisions, nicolae_hells_hurtin_island
Coc:1:    layout_ice_bergs
Coc:2:    layout_cocytus_water_paths
Zot:1:    layout_onion_interference
Zot:2:    layout_gridville, gammafunk_ghost_ooze
Zot:3:    nicolae_moth_party, layout_onion_interference
Zot:4:    kennysheep_blocky_hall, layout_twisted_circle
Zot:5:    layout_twisted_circle

Skill      XL: |  1  2  3  4  5  6  7  8  9 10 11 12 13 14 15 16 17 18 19 20 21 22 23 24 25 |
---------------+----------------------------------------------------------------------------+-----
Hexes          | 5 8 9 10 11 13 14 15 16 21 22 23 24 25 26 27 | 27.0
Dodging        | 5 6 7 8 9 10 11 14 13 15 16 17 18 19 20 21 | 21.3
Fighting       | 3 4 5 6 7 8 9 13 14 15 16 17 18 19 | 19.1
Stealth        | 6 7 8 9 10 11 12 13 16 17 18 19 20 21 22 23 | 23.1
Unarmed Combat | 3 4 5 6 7 8 9 11 12 13 14 15 16 | 16.6
Spellcasting   | 5 6 7 8 9 10 11 14 13 15 16 17 18 19 20 21 | 21.5
Ice Magic      | 2 3 5 6 |  6.0
Translocations | 3 6 8 10 13 14 17 19 21 | 21.1
Transmutations | 1 4 5 |  5.0
Poison Magic   | 3 |  3.0
Conjurations   | 3 |  3.0
Air Magic      | 3 5 6 |  6.3
Summonings     | 5 6 9 10 13 | 13.6

Action                     |  1- 3 |  4- 6 |  7- 9 | 10-12 | 13-15 | 16-18 | 19-21 | 22-24 | 25-27 || total
---------------------------+-------+-------+-------+-------+-------+-------+-------+-------+-------++-------
  Melee: Unarmed           |    83 |   171 |   237 |   293 |  1139 |   716 |   611 |   567 |   509 ||  4326
         Bite              |     4 |    21 |    22 |    30 |   136 |    90 |   109 |    99 |    93 ||   604
         Punch             |       |     2 |     4 |    15 |    69 |    62 |    56 |    80 |    83 ||   371
   Cast: Ensorcelled Hiber |     9 |    16 |    48 |   210 |   461 |   194 |    69 |     9 |    15 ||  1031
         Tukima's Dance    |       |     3 |     8 |    24 |    43 |    84 |     3 |       |       ||   165
         Confusing Touch   |       |     3 |    18 |     6 |    51 |     7 |     3 |       |    10 ||    98
         Yara's Violent Un |       |       |       |     3 |     7 |    10 |    24 |     6 |    11 ||    61
         Enfeeble          |       |       |       |     1 |   102 |   163 |   240 |   175 |   137 ||   818
         Mephitic Cloud    |       |       |       |       |    18 |    73 |    13 |       |       ||   104
         Airstrike         |       |       |       |       |       |       |   142 |    24 |     5 ||   171
         Iskenderun's Myst |       |       |       |       |       |       |    23 |     1 |       ||    24
         Blink             |       |       |       |       |       |       |     1 |       |     5 ||     6
         Discord           |       |       |       |       |       |       |    27 |   101 |    50 ||   178
         Summon Mana Viper |       |       |       |       |       |       |       |    47 |    61 ||   108
 Invoke: Shadow Step       |       |       |       |       |     1 |     6 |     7 |     4 |       ||    18
  Evoke: Wand              |       |       |       |    18 |     7 |    16 |     8 |     1 |     9 ||    59
         Lightning rod     |       |       |       |       |       |       |     1 |       |       ||     1
    Use: Scroll            |     4 |     3 |     7 |     7 |    13 |    16 |    15 |     8 |     5 ||    78
         Potion            |     1 |       |     1 |     3 |    13 |    20 |    11 |    12 |    15 ||    76
   Stab: Sleeping          |    11 |    23 |    49 |   141 |   403 |   219 |    94 |    51 |    48 ||  1039
         Confused          |       |     1 |    15 |     5 |    42 |    39 |    12 |       |     3 ||   117
         Paralysed         |       |       |       |     1 |       |       |       |       |       ||     1
         Invisible         |       |       |       |       |    95 |   135 |   189 |   144 |    55 ||   618
         Distracted        |       |       |       |       |     4 |     3 |     1 |    17 |    20 ||    45
 Armour: Skin              |     4 |     7 |     8 |    23 |    27 |    19 |    14 |    26 |    20 ||   148
  Dodge: Dodged            |    74 |   168 |   138 |   304 |  1250 |   739 |   548 |   816 |   746 ||  4783
  Block: Other             |       |       |    17 |    76 |   137 |       |       |       |       ||   230
         Reflection        |       |       |       |     3 |     3 |       |       |       |       ||     6
